 Dungeon Crawl Stone Soup version 0.29-a0-1016-g236c7fd91e (webtiles) character file.

Game seed: 2553881430070752485

42 flotson the Sneak (level 3, -4/29 HPs)
             Began as a Demonspawn Delver on Aug 10, 2022.
             Slain by Natasha (8 damage)
             ... on level 1 of the Dungeon.
             The game lasted 00:03:10 (1834 turns).

flotson the Sneak (Demonspawn Delver)               Turns: 1834, Time: 00:03:10

Health: -4/29      AC:  6    Str: 14    XL:     3   Next: 33%
Magic:  3/3        EV: 10    Int: 11    God:
Gold:   30         SH:  3    Dex: 14    Spells: 2/2 levels left

rFire   . . .      SeeInvis .   k - +0 trident
rCold   . . .      Faith    .   j - +0 buckler
rNeg    . . .      Spirit   .   h - +0 ring mail
rPois   .          Reflect  .   (no helmet)
rElec   .          Harm     .   (no cloak)
rCorr   .          Rampage  .   (no gloves)
Will    .....                   (no boots)
Stlth   ++........              (no amulet)
HPRegen 0.09/turn               (no ring)
MPRegen 0.08/turn               (no ring)

@: no status effects
A: rugged brown scales 1
a: no special abilities


You were on level 1 of the Dungeon.
You visited 1 branch of the dungeon, and saw 5 of its levels.

You collected 56 gold pieces.
You spent 26 gold pieces at shops.

Inventory:

Hand Weapons
 a - a +0 hand axe
 k - a +0 trident (weapon)
Armour
 h - a +0 ring mail (worn)
 j - a +0 buckler (worn)
Wands
 g - a wand of digging (3)
Scrolls
 c - a scroll of fog
 e - a scroll of noise {unknown}
 f - 4 scrolls of identify
 i - a scroll of poison {unknown}
Potions
 b - a potion of mutation {unknown}
 d - a potion of berserk rage {unknown}
 l - a potion of ambrosia {unknown}


   Skills:
 + Level 3.3 Fighting
 - Level 1.7 Axes
 + Level 1.1 Armour
 + Level 2.2 Dodging
 - Level 4.5 Stealth
 + Level 0.1 Shields
 + Level 1.3 Evocations


You had 2 spell levels left.
You didn't know any spells.
Your spell library contained the following spells:

 Spells                   Type           Power      Damage    Failure   Level
 Slow                     Hex            0%         N/A       69%         1
 Confusing Touch          Hex            0%         N/A       96%         3
 Vampiric Draining        Necr           0%         2d6       96%         3


Dungeon Overview and Level Annotations

Branches:
Dungeon (5/15)
 Temple: D:4-7

Altars:

Shops:
D:1 *

Annotations:
D:1 Natasha


Innate Abilities, Weirdness & Mutations

You are partially covered in rugged brown scales. (AC +1, +3% HP)


Message History

Natasha attacks as you move away! Natasha claws you!
The crimson imp attacks as you move away!
The crimson imp completely misses you.
The crimson imp blinks!
Natasha howls an incantation.
Natasha glows brightly for a moment.
There is a stone staircase leading up here.
Natasha closely misses you.
You climb upwards.
The crimson imp disappears in a puff of smoke!
There is a stone staircase leading down here.
You closely miss Natasha. Natasha claws you.
You closely miss Natasha. You block Natasha's attack.
You closely miss Natasha. Natasha claws you.
Natasha claws you but does no damage.
You closely miss Natasha. Natasha claws you but does no damage.
You hit Natasha.
Natasha is lightly wounded.
You block Natasha's attack.
You barely miss Natasha.
Natasha is lightly wounded.
Natasha barely misses you. x2
You hit Natasha.
Natasha is moderately wounded.
Natasha claws you.
* * * LOW HITPOINT WARNING * * *
You hit Natasha but do no damage.
Natasha is moderately wounded.
You block Natasha's attack.
You closely miss Natasha.
Natasha is moderately wounded.
Natasha claws you.
* * * LOW HITPOINT WARNING * * *
Okay, then.
Unknown command.
Okay, then.
Unknown command.
You puncture Natasha!
Natasha is severely wounded.
Natasha barely misses you. Natasha claws you!
You die...

#.# #.#
#.....♣.....♣. #.#
#.# #.............
#.# #.#
#.....♣.....♣.
#.#####.#
#.............
#.....#.#
#.....♣.....♣.
#####.#.#
#............. #.#.#
#.....♣.....♣. #.#.#
#.............
#.#@###.............
#.#.h..............#
#.#########.###....#
#.# ##.# ####.#
#.########..######.#
#..................#
##########..#####..#
#..⌠..# #..# #..[..#
#..#


You could see Natasha.

Vanquished Creatures
  2 adders
  3 bats (D:1)
  2 giant cockroaches (D:1)
  4 hobgoblins
  2 quokkas (D:1)
  4 ball pythons
  2 frilled lizards
  3 goblins (D:1)
  A kobold (D:1)
  A rat (D:2)
24 creatures vanquished.

Notes
Turn   | Place    | Note
-------+----------+-------------------------------------------
     0 | D:5      | flotson the Demonspawn Delver began the quest for the Orb.
     0 | D:5      | Reached XP level 1. HP: 18/18 MP: 1/1
    20 | D:5      | Gained mutation: You are partially covered in rugged brown
                  | scales. (AC +1, +3% HP) [demonic ancestry]
    20 | D:5      | Reached XP level 2. HP: 18/24 MP: 2/2
   113 | D:4      | Noticed a lemure
   445 | D:4      | Noticed a howler monkey
   560 | D:3      | Reached skill level 1 in Evocations
   871 | D:1      | Found a faded altar of an unknown god.
   881 | D:1      | Reached skill level 1 in Armour
   891 | D:1      | Reached XP level 3. HP: 15/29 MP: 3/3
  1207 | D:1      | Found Xielesocki's General Store.
  1210 | D:1      | Bought a scroll of identify for 26 gold pieces
  1522 | D:1      | You fall into a shaft and drop 1 floor!
  1816 | D:2      | Noticed Natasha
  1834 | D:1      | Slain by Natasha

Illustrated notes

Levels and vault maps discovered:
D:1:      wander_arrival_estate, layout_loops_ring,
          hellmonk_ecumenical_altar_run_dry, serial_shops,
          nicolae_shop_window_shopping
D:2:      layout_rooms, roderic_lattice_a, uniq_natasha
D:3:      layout_basic, nicolae_uskayaw_suspiria, lemuel_tele_altar,
          serial_shops, nicolae_shop_temple_entry_statues_fountains,
          nicolae_shop_overgrown_old_shop, nicolae_shop_bloodbath_and_beyond,
          shop, kennysheep_pointless_box, uniq_jessica
D:4:      layout_loops_ring, overflow_temple_1_default,
          minmay_temple_entry_nine_rooms, ebering_ghost_disaster_area,
          nicolae_figureground_pulse, uniq_pikel
D:5:      layout_loops_ring, tgw_xom, mainiacjoe_overflow_surrounded_room,
          mainiacjoe_overflow_24_doors, serial_rivers,
          chequers_serial_rivers_marsh, chequers_serial_rivers_marsh,
          chequers_serial_rivers_small_a, chequers_serial_rivers_micro_c

Skill      XL: |  1  2 |
---------------+-------+-----
Dodging        | 2 |  2.2
Evocations     | 1 |  1.3
Armour         | 1 |  1.1
Fighting       | |  3.3
Axes           | |  1.7
Stealth        | |  4.5
Shields        | |  0.1

Action                   || total
-------------------------++-------
Melee: Hand axe          ||    83
       Trident           ||    17
  Use: Potion            ||     1
       Scroll            ||     2
 Stab: Sleeping          ||     6
Armor: Leather armour    ||     1
       Ring mail         ||    34
Dodge: Dodged            ||    65
Block: Buckler           ||     6

Table legend: (Time is in decaauts)
 A = Elapsed time spent in this place.
 B = Non-inter-level travel time spent in this place.
 C = Inter-level travel time spent in this place.
 D = Time resting spent in this place.
 E = Time spent auto-exploring this place.
 F = Levels seen in this place.
 G = Mean time per level.
                   A        B        C        D        E       F      G
               +--------+--------+--------+--------+--------+-----+--------+
         Total |   1841 |   1797 |     44 |    213 |   1203 |   5 |  368.2 |
       Dungeon |   1841 |   1797 |     44 |    213 |   1203 |   5 |  368.2 |
               +--------+--------+--------+--------+--------+-----+--------+

Top non-repeatable levels by time:
     D:1: 991 daAuts
     D:4: 473 daAuts
     D:3: 244 daAuts
     D:2: 82 daAuts
     D:5: 48 daAuts
